 Dungeon Crawl Stone Soup version 0.23.1-37-gaa34b87b72 (webtiles) character file.

Game seed: 1418013307324212888

1329 MisterOstroum the Spear-Bearer (level 8, -2/65 HPs)
             Began as a Merfolk Gladiator on Mar 22, 2019.
             Was an Initiate of Trog.
             Slain by Prince Ribbit (6 damage)
             ... on level 5 of the Dungeon.
             The game lasted 00:44:54 (5414 turns).

MisterOstroum the Spear-Bearer (Merfolk Gladiator)  Turns: 5414, Time: 00:44:55

Health: -2/65      AC:  4    Str: 16    XL:     8   Next: 60%
Magic:  8/8        EV: 14    Int:  7    God:    Trog [......]
Gold:   178        SH:  0    Dex: 16    Spells: 4/7 levels left

rFire    . . .     SeeInvis .   a - +0 trident
rCold    . . .     Gourm    .   (no shield)
rNeg     . . .     Faith    .   b - +0 leather armour
rPois    .         Spirit   .   c - +0 helmet
rElec    .         Reflect  .   (no cloak)
rCorr    .         Harm     .   (no gloves)
MR       .....                  (no boots)
Stlth    +.........             (no amulet)
HPRegen  0.20/turn              (no ring)
MPRegen  0.11/turn              (no ring)

@: no status effects
A: change form in water, swift swim, stealthy swim
a: Renounce Religion


You were on level 5 of the Dungeon.
You worshipped Trog.
Trog was noncommittal.
You were not hungry.

You visited 2 branches of the dungeon, and saw 6 of its levels.

You collected 178 gold pieces.

Inventory:

Hand Weapons
 a - a +0 trident (weapon)
 h - a +2 whip of flaming
 y - a +0 arbalest
Missiles
 j - 97 stones (quivered)
 l - 8 curare-tipped needles
 x - 10 poisoned needles
Armour
 b - a +0 leather armour (worn)
 c - a +0 helmet (worn)
 v - the +1 helmet of the Demon Prince {rN++, unknown}
   (You found it on level 4 of the Dungeon)

   It greatly protects you from negative energy.
Jewellery
 p - an uncursed ring of resist corrosion {unknown}
Scrolls
 d - 4 scrolls of magic mapping {unknown}
 e - 3 scrolls of immolation {unknown}
 g - 8 scrolls of identify {unknown}
 i - 4 scrolls of remove curse {unknown}
 o - 2 scrolls of amnesia {unknown}
 q - 2 scrolls of fog {unknown}
 r - 4 scrolls of teleportation {unknown}
 s - 2 scrolls of enchant weapon {unknown}
 t - 3 scrolls of blinking {unknown}
Potions
 k - a potion of lignification
 m - a potion of curing
 n - 3 potions of brilliance
 u - 2 potions of degeneration {unknown}
 w - 2 potions of heal wounds {unknown}
Comestibles
 f - 10 rations
 z - 2 chunks of flesh


   Skills:
 + Level 6.9 Fighting
 * Level 12.2 Polearms
 - Level 2.0 Throwing
 - Level 4.0 Dodging


You had 4 spell levels left.
You knew the following spells:

 Your Spells              Type           Power        Failure   Level  Hunger
a - Confuse               Hex            #.......     86%         3    ####...

Your spell library contained the following spells:

 Spells                   Type           Power        Failure   Level  Hunger
 Corona                   Hex            #......      50%         1    ##.....
 Ensorcelled Hibernation  Hex/Ice        #.....       65%         2    ###....
 Dazzling Spray           Conj/Hex       #.....       86%         3    ####...
 Tukima's Dance           Hex            #.......     86%         3    ####...


Dungeon Overview and Level Annotations

Branches:
Dungeon (5/15)             Temple (1/1) D:5

Altars:
Cheibriados
Dithmenos
Elyvilon
Fedhas
Gozag
Hepliaklqana
Kikubaaqudgha
Makhleb
Nemelex Xobeh
Okawaru
Ru
Sif Muna
Trog
Uskayaw
Wu Jian
Xom
Yredelemnul
Zin

Annotations:
D:5 Prince Ribbit


Message History

Prince Ribbit blinks!
Prince Ribbit croaks regally.
Prince Ribbit hits you. As you open the door, it creaks loudly!
Prince Ribbit hits you!!
* * * LOW HITPOINT WARNING * * *
Prince Ribbit blinks!
There is an open door here.
You closely miss Prince Ribbit. Prince Ribbit barely misses you.
You puncture Prince Ribbit!
Prince Ribbit is moderately wounded.
Prince Ribbit hits you!
* * * LOW HITPOINT WARNING * * *
You hit Prince Ribbit.
Prince Ribbit is moderately wounded.
Prince Ribbit closely misses you.
You hit Prince Ribbit.
Prince Ribbit is heavily wounded.
Prince Ribbit hits you.
You die...

##.#....##..########.## #.#
#.#...###..# #.#### #.#
#.###.###..# ###..# #####.#
#..........# ###..8#..≈.##.#
#####......### ##..._.+..≈o##..
#....#...# ##..#..8#..≈o###.
##.#...#.###...##..# ####.#.
#######.......##.....#########.>.
§..............'@F.......'(......
#########....###.........####....
##.#.# ##.......## ##.#. ###.#
##.....## ###. ######.# ##...##
#. #......# ##'## #. #.###### #.#
#. #.# #.# #. #.# ##.## #.


You could see Prince Ribbit.

Vanquished Creatures
  Pikel (Temple)
  Edmund (D:5)
  2 ogres
  An ice beast (D:5)
  A phantom (D:5)
  A bullfrog zombie (D:5)
  A bullfrog skeleton (D:5)
  A centaur skeleton (D:5)
  An iguana (D:5)
  An orc wizard (D:3)
  4 worker ants
  A mummy (D:4)
  A worker ant zombie (D:5)
  5 adders
  A shadow imp (D:5)
  An ooze (D:3)
  An adder skeleton (D:5)
  2 worms
  3 dart slugs
  2 leopard geckos (D:2)
  6 orcs
  5 bats
  3 giant cockroaches
  A goblin (D:1)
  2 hobgoblins
  10 kobolds
  3 ball pythons
  11 frilled lizards
  2 goblin zombies (D:4)
  2 leopard gecko zombies (D:5)
  A quokka zombie (D:5)
  22 rats
100 creatures vanquished.

Notes
Turn   | Place    | Note
-------+----------+-------------------------------------------
     0 | D:1      | MisterOstroum the Merfolk Gladiator began the quest for the
                  | Orb.
     0 | D:1      | Reached XP level 1. HP: 16/16 MP: 1/1
   185 | D:1      | Reached XP level 2. HP: 23/23 MP: 2/2
   354 | D:1      | Reached skill level 5 in Polearms
   850 | D:2      | Found a sparkling altar of Nemelex Xobeh.
   869 | D:2      | Reached XP level 3. HP: 26/29 MP: 3/3
  1001 | D:2      | Found a burning altar of Makhleb.
  1068 | D:2      | Noticed a green death
  1072 | D:2      | Found a glowing silver altar of Zin.
  1072 | D:2      | Noticed an angel
  1417 | D:2      | Reached skill level 6 in Polearms
  1488 | D:3      | Reached XP level 4. HP: 24/35 MP: 4/4
  1594 | D:3      | Learned a level 3 spell: Confuse
  2252 | D:4      | Reached skill level 7 in Polearms
  2252 | D:4      | Reached XP level 5. HP: 18/42 MP: 5/5
  2480 | D:4      | Got a smoking helmet
  2526 | D:4      | Found a shadowy altar of Dithmenos.
  2767 | D:4      | Noticed an ogre
  2794 | D:4      | Killed an ogre
  2794 | D:4      | Reached skill level 8 in Polearms
  2794 | D:4      | Reached XP level 6. HP: 15/49 MP: 6/6
  3059 | D:4      | Found a white marble altar of Elyvilon.
  3350 | D:4      | Noticed a moth of wrath
  3353 | D:4      | Found a bloodstained altar of Trog.
  3398 | D:4      | Became a worshipper of Trog the Wrathful
  3546 | D:5      | Entered Level 5 of the Dungeon
  3580 | D:5      | Found a deep blue altar of Sif Muna.
  3714 | D:5      | Reached skill level 9 in Polearms
  3724 | D:5      | Reached skill level 5 in Fighting
  3983 | D:5      | Noticed an ice beast
  3993 | D:5      | Noticed a phantom
  4024 | D:5      | Killed a phantom
  4024 | D:5      | Reached XP level 7. HP: 38/56 MP: 7/7
  4235 | D:5      | Found a staircase to the Ecumenical Temple.
  4246 | D:5      | Noticed Pikel
  4253 | Temple   | Entered the Ecumenical Temple
  4551 | Temple   | Killed Pikel
  4551 | Temple   | Reached skill level 11 in Polearms
  4551 | Temple   | Reached XP level 8. HP: 14/65 MP: 8/8
  4960 | D:5      | Found a deep blue altar of Sif Muna.
  5304 | D:5      | Noticed Edmund
  5352 | D:5      | Killed Edmund
  5352 | D:5      | Reached skill level 12 in Polearms
  5380 | D:5      | Noticed Prince Ribbit
  5412 | D:5      | HP: 3/65 [Prince Ribbit (13)]
  5414 | D:5      | Slain by Prince Ribbit

Skill      XL: |  1  2  3  4  5  6  7  8 |
---------------+-------------------------+-----
Polearms       | 5 6 7 8 9 11 12 | 12.2
Fighting       | 3 4 5 6 |  6.9
Throwing       | |  2.0
Dodging        | |  4.0

Action                   |  1- 3 |  4- 6 |  7- 9 || total
-------------------------+-------+-------+-------++-------
Melee: Trident           |   140 |   156 |   141 ||   437
Throw: Throwing net      |    10 |       |       ||    10
       Stone             |    24 |    57 |    22 ||   103
  Use: Potion            |       |     2 |     4 ||     6
 Stab: Sleeping          |     5 |     2 |       ||     7
       Held in net/web   |     1 |       |       ||     1
  Eat: Chunk             |     2 |     4 |     2 ||     8
       Ration            |       |     1 |     1 ||     2
Armor: Leather armour    |    17 |    16 |     5 ||    38
       Skin              |       |       |    42 ||    42
Dodge: Dodged            |    90 |    75 |    25 ||   190
